TOP OF THE 1ST |
Boston Red Sox batting - Pitching for Philadelphia Phillies : RHP Aldo Ramirez
|
Pitching: RHP Aldo Ramirez
|
|
Batting: RHB Ceddanne Rafaela
|
0-0: Ball 1-0: Ball 2-0: Ball 3-0: Foul Ball, location: 3FF 3-1: Foul Ball, location: 2F 3-2: Hit by Pitch
|
Batting: LHB Wilyer Abreu
|
0-0: Ball 1-0: Sac Bunt to 13S - play at first, batter OUT! 1-3 Ceddanne Rafaela to second
|
Batting: LHB Rafael Devers
|
0-0: Ball 1-0: Ball 2-0: Foul Ball, location: 2F 2-1: Ball 3-1: Swinging Strike 3-2: Foul Ball, location: 5F 3-2: 2-RUN HOME RUN (Flyball, 7D, EV 94.4 MPH), Distance : 369 ft
|
Batting: LHB Nick Decker
|
0-0: Ball 1-0: Foul Ball, location: 5DF 1-1: Foul Ball, location: 3F 1-2: Foul Ball, location: 2F 1-2: Ground out U3 (Groundball, 3, EV 85.6 MPH)
|
Batting: LHB Triston Casas
|
0-0: Ball 1-0: Ball 2-0: Foul Ball, location: 25FF 2-1: SINGLE (Flyball, 8RS, EV 93.8 MPH)
|
Batting: RHB Seiya Suzuki
|
0-0: Ball 1-0: Foul Ball, location: 25F 1-1: Ball 2-1: Ball 3-1: Fielders Choice at 2nd, 6-4 (Groundball, 6MD, EV 93.8 MPH)
|
Top of the 1st over - 2 runs, 2 hits, 0 errors, 1 left on base; Boston 2 - Philadelphia 0 |
BOTTOM OF THE 1ST |
Philadelphia Phillies batting - Pitching for Boston Red Sox : RHP Bong-su Kim
|
Pitching: RHP Bong-su Kim
|
|
Batting: SHB Nick McLain
|
0-0: Ball 1-0: Fly out, F3 (Line Drive, 34, EV 65.6 MPH)
|
Batting: SHB Alexander Vargas
|
0-0: Ball 1-0: Foul Ball, location: 5F 1-1: Foul Ball, location: 9LSF 1-2: Strikes out swinging
|
Batting: RHB Gabriel Martinez
|
0-0: Called Strike 0-1: Called Strike 0-2: Ball 1-2: Ball 2-2: Ball 3-2: Base on Balls
|
Batting: LHB Blake Grimmer
|
0-0: Ball 1-0: Called Strike 1-1: Swinging Strike 1-2: Strikes out swinging
|
Bottom of the 1st over - 0 runs, 0 hits, 0 errors, 1 left on base; Boston 2 - Philadelphia 0 |
TOP OF THE 2ND |
Boston Red Sox batting - Pitching for Philadelphia Phillies : RHP Aldo Ramirez
|
Batting: LHB Kyle Teel
|
0-0: Swinging Strike 0-1: Ball 1-1: Foul Ball, location: 7LDF 1-2: Ball 2-2: Ball 3-2: Fly out, F8 (Flyball, 78M, EV 98.1 MPH)
|
Batting: LHB Marcelo Mayer
|
0-0: Fly out, F9 (Line Drive, 9, EV 92.5 MPH)
|
Batting: RHB Eduardo Garcia
|
0-0: Ball 1-0: Ball 2-0: Called Strike 2-1: Called Strike 2-2: Ground out 6-3 (Groundball, 6, EV 97.5 MPH)
|
Top of the 2nd over - 0 runs, 0 hits, 0 errors, 0 left on base; Boston 2 - Philadelphia 0 |
BOTTOM OF THE 2ND |
Philadelphia Phillies batting - Pitching for Boston Red Sox : RHP Bong-su Kim
|
Batting: RHB Keston Hiura
|
0-0: Swinging Strike 0-1: Ball 1-1: Called Strike 1-2: Foul Ball, location: 5SF 1-2: Strikes out swinging
|
Batting: SHB Jonathan Mejia
|
0-0: Ball 1-0: Fly out, F5 (Line Drive, 56, EV 67.5 MPH)
|
Batting: LHB Luke Raley
|
0-0: Foul Ball, location: 2F 0-1: Ball 1-1: Called Strike 1-2: Strikes out looking
|
Bottom of the 2nd over - 0 runs, 0 hits, 0 errors, 0 left on base; Boston 2 - Philadelphia 0 |
TOP OF THE 3RD |
Boston Red Sox batting - Pitching for Philadelphia Phillies : RHP Aldo Ramirez
|
Batting: RHB Ceddanne Rafaela
|
0-0: Called Strike 0-1: Ball 1-1: Ball 2-1: Foul Ball, location: 3F 2-2: Ground out 4-3 (Groundball, 4, EV 86.3 MPH)
|
Batting: LHB Wilyer Abreu
|
0-0: Called Strike 0-1: Ball 1-1: Ball 2-1: Ball 3-1: Fly out, F5 (Line Drive, 5L, EV 68.1 MPH)
|
Batting: LHB Rafael Devers
|
0-0: Called Strike 0-1: Ball 1-1: SOLO HOME RUN (Flyball, 89XD, EV 99.4 MPH), Distance : 403 ft
|
Batting: LHB Nick Decker
|
0-0: Ground out 1-3 (Groundball, 13S, EV 73.8 MPH)
|
Top of the 3rd over - 1 run, 1 hit, 0 errors, 0 left on base; Boston 3 - Philadelphia 0 |
BOTTOM OF THE 3RD |
Philadelphia Phillies batting - Pitching for Boston Red Sox : RHP Bong-su Kim
|
Batting: RHB Luis Caicuto
|
0-0: Ball 1-0: Called Strike 1-1: Foul Ball, location: 5DF 1-2: Ball 2-2: Ball 3-2: Base on Balls
|
Batting: LHB Brandon Marsh
|
0-0: Ball 1-0: TRIPLE (Flyball, 89XD, EV 96.3 MPH) Luis Caicuto scores
|
Batting: SHB Nick McLain
|
0-0: Ground out 6-3 (Groundball, 6, EV 87.5 MPH) Brandon Marsh scores
|
Batting: SHB Alexander Vargas
|
0-0: Called Strike 0-1: Ground out 6-3 (Groundball, 6, EV 99.4 MPH)
|
Batting: RHB Gabriel Martinez
|
0-0: Called Strike 0-1: Ground out 4-3 (Groundball, 4, EV 105.6 MPH)
|
Bottom of the 3rd over - 2 runs, 1 hit, 0 errors, 0 left on base; Boston 3 - Philadelphia 2 |
TOP OF THE 4TH |
Boston Red Sox batting - Pitching for Philadelphia Phillies : RHP Aldo Ramirez
|
Batting: LHB Triston Casas
|
0-0: Called Strike 0-1: Swinging Strike 0-2: Ball 1-2: Foul Ball, location: 23F 1-2: Strikes out swinging
|
Batting: RHB Seiya Suzuki
|
0-0: Called Strike 0-1: SOLO HOME RUN (Flyball, 78XD, EV 100.0 MPH), Distance : 395 ft
|
Batting: LHB Kyle Teel
|
0-0: Ball 1-0: Called Strike 1-1: Swinging Strike 1-2: Ball 2-2: Strikes out looking
|
Batting: LHB Marcelo Mayer
|
0-0: Ball 1-0: Ball 2-0: Ground out 6-3 (Groundball, 6M, EV 81.9 MPH)
|
Top of the 4th over - 1 run, 1 hit, 0 errors, 0 left on base; Boston 4 - Philadelphia 2 |
BOTTOM OF THE 4TH |
Philadelphia Phillies batting - Pitching for Boston Red Sox : RHP Bong-su Kim
|
Batting: LHB Blake Grimmer
|
0-0: Foul Ball, location: 7LDF 0-1: Ball 1-1: Fly out, F9 (Flyball, 89D, EV 95.6 MPH)
|
Batting: RHB Keston Hiura
|
0-0: Called Strike 0-1: Foul Ball, location: 2F 0-2: Strikes out looking
|
Batting: SHB Jonathan Mejia
|
0-0: Ball 1-0: Called Strike 1-1: Called Strike 1-2: Ball 2-2: Ball 3-2: Strikes out swinging
|
Bottom of the 4th over - 0 runs, 0 hits, 0 errors, 0 left on base; Boston 4 - Philadelphia 2 |
TOP OF THE 5TH |
Boston Red Sox batting - Pitching for Philadelphia Phillies : RHP Aldo Ramirez
|
Batting: RHB Eduardo Garcia
|
0-0: Ground out 6-3 (Groundball, 6, EV 79.4 MPH)
|
Batting: RHB Ceddanne Rafaela
|
0-0: SINGLE (Line Drive, 4D, EV 108.1 MPH)
|
Batting: LHB Wilyer Abreu
|
0-0: Called Strike 0-1: Called Strike 0-2: Ball 1-2: Strikes out swinging
|
Batting: LHB Rafael Devers
|
0-0: Swinging Strike 0-1: Fielders Choice at 2nd, 6-4 (Groundball, 6, EV 105.6 MPH)
|
Top of the 5th over - 0 runs, 1 hit, 0 errors, 1 left on base; Boston 4 - Philadelphia 2 |
BOTTOM OF THE 5TH |
Philadelphia Phillies batting - Pitching for Boston Red Sox : RHP Bong-su Kim
|
Batting: LHB Luke Raley
|
0-0: Called Strike 0-1: Swinging Strike 0-2: Ball 1-2: Ball 2-2: Strikes out swinging
|
Batting: RHB Luis Caicuto
|
0-0: Called Strike 0-1: Ball 1-1: Swinging Strike 1-2: Strikes out looking
|
Batting: LHB Brandon Marsh
|
0-0: Ball 1-0: Ball 2-0: Ball 3-0: Base on Balls
|
Batting: SHB Nick McLain
|
0-0: Ball 1-0: Swinging Strike 1-1: Swinging Strike 1-2: Strikes out swinging
|
Bottom of the 5th over - 0 runs, 0 hits, 0 errors, 1 left on base; Boston 4 - Philadelphia 2 |
TOP OF THE 6TH |
Boston Red Sox batting - Pitching for Philadelphia Phillies : RHP Aldo Ramirez
|
Batting: LHB Nick Decker
|
0-0: Ground out 3-1 (Groundball, 34, EV 86.3 MPH)
|
Batting: LHB Triston Casas
|
0-0: Swinging Strike 0-1: Ball 1-1: Fly out, F8 (Line Drive, 8LM, EV 87.5 MPH)
|
Batting: RHB Seiya Suzuki
|
0-0: Foul Ball, location: 25F 0-1: Ball 1-1: Ground out 6-3 (Groundball, 6, EV 68.1 MPH)
|
Top of the 6th over - 0 runs, 0 hits, 0 errors, 0 left on base; Boston 4 - Philadelphia 2 |
BOTTOM OF THE 6TH |
Philadelphia Phillies batting - Pitching for Boston Red Sox : RHP Bong-su Kim
|
Batting: SHB Alexander Vargas
|
0-0: Called Strike 0-1: Ball 1-1: Fly out, F6 (Popup, 6M, EV 55.6 MPH)
|
Batting: RHB Gabriel Martinez
|
0-0: SINGLE (Groundball, 6MD, EV 95.0 MPH)
|
Batting: LHB Blake Grimmer
|
0-0: Foul Ball, location: 2F 0-1: DOUBLE (Line Drive, 7LM, EV 99.4 MPH) Gabriel Martinez to third Runner from 3rd tries for Home, SAFE, no throw by LF
|
Batting: RHB Keston Hiura
|
0-0: Called Strike 0-1: DOUBLE (Flyball, 8LD, EV 101.3 MPH) Blake Grimmer scores
|
Batting: SHB Jonathan Mejia
|
0-0: Ball 1-0: Fly out, F7 (Flyball, 7, EV 79.4 MPH)
|
Batting: LHB Luke Raley
|
0-0: Swinging Strike 0-1: Ball 1-1: Ball Wild Pitch! Keston Hiura to third 2-1: Ball 3-1: Foul Ball, location: 3FF 3-2: Strikes out swinging
|
Bottom of the 6th over - 2 runs, 3 hits, 0 errors, 1 left on base; Boston 4 - Philadelphia 4 |
TOP OF THE 7TH |
Boston Red Sox batting - Pitching for Philadelphia Phillies : RHP Aldo Ramirez
|
Pitching: LHP Yukinobu Oka
|
|
Batting: LHB Kyle Teel
|
0-0: Foul Ball, location: 7LDF 0-1: Swinging Strike 0-2: Foul Ball, location: 23F 0-2: Foul Ball, location: 2F 0-2: Ball 1-2: Strikes out looking
|
Batting: LHB Marcelo Mayer
|
0-0: Called Strike 0-1: Foul Ball, location: 2F 0-2: Ball 1-2: Strikes out looking
|
Batting: RHB Eduardo Garcia
|
0-0: SINGLE (Groundball, 56S, EV 71.3 MPH) (infield hit)
|
Batting: RHB Ceddanne Rafaela
|
0-0: Called Strike 0-1: SINGLE (Groundball, 56D, EV 100.0 MPH) Eduardo Garcia to second
|
Batting: LHB Wilyer Abreu
|
0-0: Called Strike 0-1: Ball 1-1: Swinging Strike 1-2: Strikes out swinging
|
Top of the 7th over - 0 runs, 2 hits, 0 errors, 2 left on base; Boston 4 - Philadelphia 4 |
BOTTOM OF THE 7TH |
Philadelphia Phillies batting - Pitching for Boston Red Sox : RHP Bong-su Kim
|
Batting: RHB Luis Caicuto
|
0-0: Ball 1-0: Swinging Strike 1-1: Ground out 5-3 (Groundball, 56S, EV 88.8 MPH)
|
Batting: LHB Brandon Marsh
|
0-0: Called Strike 0-1: Fly out, F6 (Line Drive, 6, EV 69.4 MPH)
|
Batting: SHB Nick McLain
|
0-0: Ball 1-0: Foul Ball, location: 7LSF 1-1: Ball 2-1: Swinging Strike 2-2: Ground out 3-1 (Groundball, 34, EV 78.8 MPH)
|
Bottom of the 7th over - 0 runs, 0 hits, 0 errors, 0 left on base; Boston 4 - Philadelphia 4 |
TOP OF THE 8TH |
Boston Red Sox batting - Pitching for Philadelphia Phillies : LHP Yukinobu Oka
|
Batting: LHB Rafael Devers
|
0-0: Called Strike 0-1: Ball 1-1: Ball 2-1: Foul Ball, location: 25F 2-2: Strikes out looking
|
Batting: LHB Nick Decker
|
0-0: Called Strike 0-1: Ball 1-1: Ball 2-1: Ball 3-1: Called Strike 3-2: Base on Balls
|
Pitching: RHP Isaac Rudecindo
|
|
Batting: LHB Triston Casas
|
0-0: Ball 1-0: Ball 2-0: Ball 3-0: Called Strike 3-1: Base on Balls Nick Decker to second
|
Batting: RHB Seiya Suzuki
|
0-0: Ball 1-0: Ball 2-0: Foul Ball, location: 2F 2-1: Foul Ball, location: 2F 2-2: Strikes out swinging
|
Batting: LHB Kyle Teel
|
0-0: Ground out U3 (Groundball, 34, EV 78.1 MPH)
|
Top of the 8th over - 0 runs, 0 hits, 0 errors, 2 left on base; Boston 4 - Philadelphia 4 |
BOTTOM OF THE 8TH |
Philadelphia Phillies batting - Pitching for Boston Red Sox : RHP Bong-su Kim
|
Batting: SHB Alexander Vargas
|
0-0: Ball 1-0: Ground out 6-3 (Groundball, 56, EV 83.8 MPH)
|
Batting: RHB Gabriel Martinez
|
0-0: Ball 1-0: Ball 2-0: Called Strike 2-1: Ball 3-1: Called Strike 3-2: Foul Ball, location: 9LSFF 3-2: Foul Ball, location: 2F 3-2: Strikes out swinging
|
Batting: LHB Blake Grimmer
|
0-0: SINGLE (Flyball, 8LS, EV 100.0 MPH)
|
Pitching: RHP Fran Oschell
|
|
Batting: RHB Keston Hiura
|
0-0: Called Strike 0-1: Foul Ball, location: 5F 0-2: Strikes out looking
|
Bottom of the 8th over - 0 runs, 1 hit, 0 errors, 1 left on base; Boston 4 - Philadelphia 4 |
TOP OF THE 9TH |
Boston Red Sox batting - Pitching for Philadelphia Phillies : RHP Isaac Rudecindo
|
Batting: LHB Marcelo Mayer
|
0-0: Swinging Strike 0-1: SOLO HOME RUN (Flyball, 89XD, EV 98.8 MPH), Distance : 399 ft
|
Batting: RHB Eduardo Garcia
|
0-0: Foul Ball, location: 2RF 0-1: Ball 1-1: Foul Ball, location: 2F 1-2: Fly out, F8 (Flyball, 8LD, EV 106.9 MPH)
|
Batting: RHB Ceddanne Rafaela
|
0-0: Called Strike 0-1: Ball 1-1: Called Strike 1-2: Ball 2-2: Foul Ball, location: 2F 2-2: Strikes out swinging
|
Batting: LHB Wilyer Abreu
|
0-0: Ball 1-0: Called Strike 1-1: Ball 2-1: Foul Ball, location: 2F 2-2: Fly out, F4 (Popup, 4, EV 59.4 MPH)
|
Top of the 9th over - 1 run, 1 hit, 0 errors, 0 left on base; Boston 5 - Philadelphia 4 |
BOTTOM OF THE 9TH |
Philadelphia Phillies batting - Pitching for Boston Red Sox : RHP Fran Oschell
|
Pitching: LHP Josh Hader
|
|
Now at 3B: Lyonell James
|
|
Batting: SHB Jonathan Mejia
|
0-0: Ball 1-0: Ground out 6-3 (Groundball, 6D, EV 93.8 MPH)
|
Pinch Hitting: SHB Bryan Rincon
|
0-0: Ball 1-0: Ball 2-0: Ball 3-0: Called Strike 3-1: Swinging Strike 3-2: Foul Ball, location: 9LDF 3-2: Strikes out swinging
|
Batting: RHB Luis Caicuto
|
0-0: Ball 1-0: Called Strike 1-1: Ball 2-1: Fly out, F7 (Line Drive, 78M, EV 83.1 MPH)
|
Bottom of the 9th over - 0 runs, 0 hits, 0 errors, 0 left on base; Boston 5 - Philadelphia 4 |
|